[Event "Titled Tuesday Blitz March 08 Early 2022"]
[White "Albertini, Luca"]
[Black "Rodchenkov, Sergey D."]
[WhiteFideId "847038"]
[BlackFideId "4168712"]
[WhiteElo "2207"]
[BlackElo "2306"]
[Result "1-0"]
[Round "02"]
[TimeControl "180+1"]
[Date "2022.03.09"]
[WhiteClock "0:00:02"]
[BlackClock "0:00:02"]

1. d4 Nf6 2. c4 e6 3. Nc3 Bb4 4. g3 O-O 5. Bg2 d5 6. cxd5 exd5 7. Bg5 c6 8. Rc1 h6 9. Bxf6 Qxf6 10. Nf3 Bf5 11. O-O Bd6 12. a3 Nd7 13. b4 a5 14. Qb3 axb4 15. axb4 b5 16. Nd1 Rfc8 17. Ne3 Be4 18. Ra1 Nb6 19. Ng4 Qe6 20. Nge5 Bf8 21. Rfc1 Nc4 22. Qc3 Qd6 23. Bh3 Rxa1 24. Bxc8 Rxc1+ 25. Qxc1 Bxf3 26. exf3 Qxb4 27. Nxc6 Qd6 28. Ne5 Nxe5 29. dxe5 Qxe5 30. Qc6 b4 31. Bb7 d4 32. Qe4 Qc5 33. Bd5 Be7 34. Qf5 Bf6 35. Qd7 Qc1+ 36. Kg2 Kh7 37. Qxf7 Qc8 38. Be6 Qd8 39. Bf5+ Kh8 40. Qg6 Kg8 41. Qh7+ Kf8 42. Qg6 Ke7 43. Bd3 b3 44. Qe4+ Kf8 45. Qb7 Qe7 46. Qb8+ Kf7 47. Bc4+ Kg6 48. Qxb3 d3 49. Qxd3+ Kg5 50. h4+ Kh5 51. Qf5+ g5 52. g4+ Kxh4 53. Qb1 1-0


[Site "https://www.chess.com"]

[Event "Titled Tuesday Blitz March 08 Early 2022"]
[White "Aldokhin, Ivan"]
[Black "Samadov, Read"]
[WhiteFideId "24115720"]
[BlackFideId "13417444"]
[WhiteElo "2231"]
[BlackElo "2084"]
[Result "1-0"]
[Round "02"]
[TimeControl "180+1"]
[Date "2022.03.08"]
[WhiteClock "0:00:03"]
[BlackClock "0:00:07"]

1. e4 c5 2. Nf3 d6 3. d4 cxd4 4. Nxd4 Nf6 5. Nc3 a6 6. Bc4 e6 7. Bb3 b5 8. Qf3 Qc7 9. Bg5 Be7 10. O-O Nbd7 11. e5 Bb7 12. exd6 Bxd6 13. Qh3 O-O 14. Rad1 Bc5 15. Nxe6 fxe6 16. Bxe6+ Rf7 17. Bf4 Qc6 18. Be3 b4 19. Nd5 Re8 20. Bxf7+ Kxf7 21. Bxc5 Nxd5 22. Qf3+ N7f6 23. Bd4 Kg8 24. Rfe1 Rf8 25. Qg3 Qxc2 26. f3 Qf5 27. Re5 Qd7 28. Qf2 Qf7 29. g4 Re8 30. g5 Rxe5 31. Bxe5 Nd7 32. Qd4 Nxe5 33. Qxe5 Qd7 34. Rd4 Kf7 35. h4 Qe6 36. Qxe6+ Kxe6 37. Re4+ Kd6 38. Rd4 Bc6 39. Kf2 a5 40. Re4 Ne7 41. Rd4+ Bd5 42. Rd2 Nf5 43. h5 g6 44. h6 a4 45. Rc2 Bc6 46. Rd2+ Ke6 47. a3 bxa3 48. bxa3 Nd6 49. Rb2 Nf7 50. Rb6 Kd7 51. f4 Nd8 52. Ra6 Ne6 53. Ra7+ Kd6 54. Rxh7 Nxf4 55. Rg7 Ne6 56. h7 Nxg7 57. h8=Q Ne6 58. Qf6 Be4 59. Ke3 Bf5 60. Qc3 Nc5 61. Qb4 Kd5 62. Qb5 Kd6 63. Qb6+ Kd5 64. Qd8+ Kc4 65. Qc7 Kd5 66. Qb8 Kc4 67. Qa7 Kd5 68. Qa5 Kc4 69. Qd2 Nb3 70. Qb4+ Kd5 71. Qxa4 Nc5 72. Qb5 Bd7 73. Qb4 Bc6 74. Qd2+ Ke5 75. Qd4+ Kf5 76. Qxc5+ 1-0


[Site "https://www.chess.com"]

[Event "Titled Tuesday Blitz March 08 Early 2022"]
[White "Alinasab, Mobina"]
[Black "Bryakin, Mikhail"]
[WhiteFideId "12528897"]
[BlackFideId "4165314"]
[WhiteElo "2052"]
[BlackElo "2417"]
[Result "0-1"]
[Round "02"]
[TimeControl "180+1"]
[Date "2022.03.09"]
[WhiteClock "0:00:02"]
[BlackClock "0:01:01"]

1. e4 e6 2. d4 d5 3. Nc3 Bb4 4. Ne2 dxe4 5. a3 Be7 6. Nxe4 b6 7. Nf4 Bb7 8. Bd3 Nf6 9. Nxf6+ Bxf6 10. c3 Nd7 11. Nh5 Qe7 12. Nxf6+ Nxf6 13. Bf4 O-O-O 14. Qe2 Nd5 15. Bg3 h5 16. h4 Kb8 17. O-O-O g6 18. Kb1 Rhe8 19. Rhe1 Qd7 20. Bb5 Bc6 21. Ba6 Ne7 22. Be5 Bb7 23. Bb5 Bc6 24. Bxc6 Qxc6 25. g3 b5 26. Bf6 Rd7 27. Bxe7 Rexe7 28. Rd3 Rd5 29. Rf3 a5 30. Qe4 a4 31. Ree3 Kb7 32. Rf6 Red7 33. Qf4 Rf5 34. Rxf5 gxf5 35. Re5 Qh1+ 36. Ka2 c6 37. Rc5 Qd1 38. Qe5 Qf3 39. Rxb5+ cxb5 40. Qxb5+ Kc7 41. Qa5+ Kc8 42. Qa6+ Qb7 43. Qc4+ Rc7 44. Qxa4 Qd5+ 45. Kb1 Kd8 46. Qb4 Ke8 47. Qa4+ Ke7 48. Qb4+ Qd6 49. Qb5 Qc6 50. Qf1 Rb7 51. Ka1 Qb5 52. Qc1 Qb3 53. Qg5+ Kd7 54. Qc1 Rb5 55. Qd2 f6 56. Qe2 Ke7 57. Qd2 e5 58. Qe2 Kf8 59. Qd2 Kg7 60. Qe2 Kg6 61. Qd2 exd4 62. cxd4 Rb8 0-1


[Site "https://www.chess.com"]

[Event "Titled Tuesday Blitz March 08 Early 2022"]
[White "Alonso Rosell, Alvar"]
[Black "Bodnaruk, Anastasia"]
[WhiteFideId "2270544"]
[BlackFideId "4181751"]
[WhiteElo "2474"]
[BlackElo "2393"]
[Result "0-1"]
[Round "02"]
[TimeControl "180+1"]
[Date "2022.03.09"]
[WhiteClock "0:00:20"]
[BlackClock "0:01:02"]

1. d4 Nf6 2. c4 g6 3. Nc3 Bg7 4. e4 d6 5. h3 O-O 6. Be3 e5 7. d5 Na6 8. g4 c6 9. Nge2 cxd5 10. cxd5 Nc5 11. Ng3 Bd7 12. g5 Ne8 13. h4 f5 14. gxf6 Nxf6 15. h5 Ng4 16. hxg6 Nxe3 17. Qh5 hxg6 18. Qxg6 Nc2+ 19. Kd1 Nxa1 20. Be2 Qf6 21. Qh5 b5 22. Bg4 Bxg4+ 23. Qxg4 Qf3+ 24. Qxf3 Rxf3 0-1


[Site "https://www.chess.com"]

[Event "Titled Tuesday Blitz March 08 Early 2022"]
[White "Ambartsumova, Karina"]
[Black "Sadhwani, Raunak"]
[WhiteFideId "4166299"]
[BlackFideId "35093487"]
[WhiteElo "2262"]
[BlackElo "2616"]
[Result "0-1"]
[Round "02"]
[TimeControl "180+1"]
[Date "2022.03.08"]
[WhiteClock "0:00:09"]
[BlackClock "0:01:17"]

1. d4 Nf6 2. Nf3 g6 3. g3 Bg7 4. Bg2 O-O 5. O-O d6 6. b3 b5 7. Bb2 Bb7 8. a4 b4 9. Nbd2 Nbd7 10. Re1 c5 11. Nc4 Rc8 12. Rc1 Ba8 13. dxc5 Nxc5 14. Bd4 Nfe4 15. Bxg7 Kxg7 16. Qd4+ e5 17. Qe3 f6 18. Rcd1 d5 19. Nh4 Qe7 20. Nd2 d4 21. Qf3 Nxd2 22. Qg4 f5 23. Nxf5+ Rxf5 24. Rxd2 Bxg2 25. Kxg2 Rcf8 0-1


[Site "https://www.chess.com"]

[Event "Titled Tuesday Blitz March 08 Early 2022"]
[White "Arabidze, Meri"]
[Black "Havas, Ladislav"]
[WhiteFideId "13604040"]
[BlackFideId "14501090"]
[WhiteElo "2335"]
[BlackElo "2206"]
[Result "1-0"]
[Round "02"]
[TimeControl "180+1"]
[Date "2022.03.09"]
[WhiteClock "0:02:01"]
[BlackClock "0:01:12"]

1. d4 Nf6 2. Nf3 g6 3. g3 Bg7 4. Bg2 O-O 5. O-O d6 6. a4 c6 7. a5 a6 8. Nc3 Nbd7 9. e4 e5 10. d5 c5 11. Nd2 Ne8 12. Nc4 f5 13. f4 exf4 14. Bxf4 Ndf6 15. Nb6 Rb8 16. e5 Nh5 17. e6 Nxf4 18. gxf4 Nc7 19. Re1 Qe7 20. Qf3 Nb5 21. Nxb5 axb5 22. c3 h6 23. Rf1 Kh7 24. Kh1 Re8 25. Rg1 Qf6 26. Bh3 b4 27. Rg3 bxc3 28. bxc3 Bxe6 29. dxe6 Qxe6 30. Rag1 Re7 31. Nd5 Rf7 32. Rxg6 Qxg6 33. Rxg6 Kxg6 34. Qe2 Kh7 35. Qe6 Rbf8 36. Qxd6 Ra8 37. Qe6 Rff8 38. Bxf5+ Kh8 39. Qg6 Rxf5 40. Qxf5 Rxa5 41. Qc8+ Kh7 42. Ne7 h5 43. Qg8+ Kh6 44. Qf7 1-0


[Site "https://www.chess.com"]

[Event "Titled Tuesday Blitz March 08 Early 2022"]
[White "Aradhya, Garg"]
[Black "Hess, Max"]
[WhiteFideId "25006746"]
[BlackFideId "24656666"]
[WhiteElo "2169"]
[BlackElo "2276"]
[Result "1/2-1/2"]
[Round "02"]
[TimeControl "180+1"]
[Date "2022.03.09"]
[WhiteClock "0:00:13"]
[BlackClock "0:00:06"]

1. d4 d5 2. c4 e6 3. Nf3 Nf6 4. Nc3 a6 5. cxd5 exd5 6. Qb3 c5 7. dxc5 Bxc5 8. Bg5 O-O 9. e3 Nc6 10. Be2 Be6 11. Qc2 h6 12. Bxf6 Qxf6 13. O-O Rfd8 14. Rfd1 Ba7 15. Rac1 Rac8 16. Qa4 d4 17. exd4 Nxd4 18. Nxd4 Rxd4 19. Rxd4 Qxd4 20. Qxd4 Bxd4 21. a3 Be5 22. g3 Bb3 23. Bf3 b5 24. Bb7 Rd8 25. Bxa6 Rd2 26. Bxb5 Rxb2 27. Bd3 Be6 28. Ne4 g6 29. a4 Bd4 30. a5 f5 31. Nc5 Bxf2+ 32. Kf1 Bd5 33. Bc4 Bxc4+ 34. Rxc4 Bxc5 35. Rxc5 Rxh2 36. Rc7 Ra2 37. Ra7 h5 38. a6 Kf8 39. Kg1 Kg8 40. Kf1 Kf8 41. Kg1 Kg8 42. Kf1 1/2-1/2


[Site "https://www.chess.com"]

[Event "Titled Tuesday Blitz March 08 Early 2022"]
[White "Ardila, Oscar Humberto"]
[Black "Brunner, Nicolas"]
[WhiteFideId "4404742"]
[BlackFideId "620246"]
[WhiteElo "1966"]
[BlackElo "2372"]
[Result "0-1"]
[Round "02"]
[TimeControl "180+1"]
[Date "2022.03.09"]
[WhiteClock "0:00:26"]
[BlackClock "0:01:31"]

1. d4 d5 2. c4 e6 3. Nc3 Be7 4. Nf3 Nf6 5. Bg5 h6 6. Bh4 O-O 7. e3 b6 8. cxd5 Nxd5 9. Bxe7 Qxe7 10. Bd3 Bb7 11. O-O Nd7 12. e4 Nxc3 13. bxc3 c5 14. Qe2 Nf6 15. Rac1 Rfd8 16. Rfd1 Rac8 17. Bb1 cxd4 18. cxd4 Qa3 19. Rxc8 Rxc8 20. h3 Rc1 21. e5 Nd5 22. Qd2 Rxd1+ 23. Qxd1 Nc3 24. Qc2 Nxb1 25. Qxb1 Bxf3 26. gxf3 Qxf3 27. Qb3 Qxb3 28. axb3 Kf8 29. Kg2 Ke7 30. Kf3 Kd7 31. Ke4 Kc6 32. f4 g6 33. h4 h5 34. b4 a5 35. bxa5 bxa5 36. Kd3 Kd5 37. Ke3 a4 0-1


[Site "https://www.chess.com"]

[Event "Titled Tuesday Blitz March 08 Early 2022"]
[White "Ashiev, Eduard"]
[Black "Suarez Uriel, Adrian"]
[WhiteFideId "4130090"]
[BlackFideId "22230874"]
[WhiteElo "2004"]
[BlackElo "2316"]
[Result "0-1"]
[Round "02"]
[TimeControl "180+1"]
[Date "2022.03.09"]
[WhiteClock "0:00:02"]
[BlackClock "0:01:35"]

1. d4 Nf6 2. c4 g6 3. Nc3 d6 4. e4 Bg7 5. Nf3 O-O 6. h3 e5 7. d5 Nh5 8. Nh2 Nf4 9. g3 Nh5 10. Be2 Nd7 11. Bxh5 gxh5 12. Qxh5 Nf6 13. Qh4 c6 14. Nf3 cxd5 15. cxd5 b5 16. Bh6 Bxh6 17. Qxh6 b4 18. Qg5+ Kh8 19. Ne2 Nxe4 20. Qxd8 Rxd8 21. Rc1 Ba6 22. Nd2 Nc5 23. Kf1 Bb7 24. Kg2 Bxd5+ 25. f3 Bxa2 26. Ne4 Nxe4 27. fxe4 d5 28. Rhf1 dxe4 0-1


[Site "https://www.chess.com"]

[Event "Titled Tuesday Blitz March 08 Early 2022"]
[White "Avila Pavas, Santiago"]
[Black "Moskvin, Anatoly"]
[WhiteFideId "4437128"]
[BlackFideId "24199990"]
[WhiteElo "2242"]
[BlackElo "2079"]
[Result "1-0"]
[Round "02"]
[TimeControl "180+1"]
[Date "2022.03.09"]
[WhiteClock "0:00:13"]
[BlackClock "0:00:04"]

1. d4 Nf6 2. Nf3 c5 3. d5 g6 4. Nc3 Bg7 5. e4 d6 6. Be2 O-O 7. O-O Na6 8. Nd2 Nc7 9. a4 Bd7 10. f3 b6 11. Nc4 Qb8 12. Bf4 Nh5 13. Bg5 f6 14. Be3 f5 15. Bg5 Rf7 16. Kh1 f4 17. e5 dxe5 18. d6 Ne6 19. Bxe7 Nd4 20. Nd5 Be6 21. Nc7 Rxe7 22. Nxa8 Rd7 23. Nc7 Bf7 24. Nb5 Qd8 25. c3 Nxe2 26. Qxe2 Qh4 27. Qf2 Ng3+ 28. Kg1 Nf5 29. Qxh4 Nxh4 30. Nd2 Nf5 31. Ne4 Ne3 32. Rfe1 a6 33. Nc7 Kf8 34. Rac1 Bc4 35. b4 cxb4 36. cxb4 b5 37. axb5 axb5 38. Ra1 h6 39. Ra8+ Kf7 40. Rc8 Be6 41. Nxe6 Kxe6 42. Nc5+ Kxd6 43. Nxd7 Kxd7 44. Rb8 Bf6 45. Rxb5 Be7 46. g3 g5 47. Rxe5 Bxb4 48. R1xe3 fxe3 49. Kf1 Bd2 50. Ke2 Kd6 51. Re4 Bc1 52. h4 Bd2 53. hxg5 hxg5 54. Rg4 Ke6 55. Rxg5 Kf6 56. Rg4 Bc1 57. Re4 Bd2 58. Rxe3 1-0


[Site "https://www.chess.com"]

[Event "Titled Tuesday Blitz March 08 Early 2022"]
[White "Babazada, Khazar"]
[Black "Tarhan, Adar"]
[WhiteFideId "13413554"]
[BlackFideId "34544712"]
[WhiteElo "2418"]
[BlackElo "1802"]
[Result "1-0"]
[Round "02"]
[TimeControl "180+1"]
[Date "2022.03.09"]
[WhiteClock "0:01:14"]
[BlackClock "0:01:06"]

1. e4 c6 2. Nc3 d5 3. d4 dxe4 4. Nxe4 Nf6 5. Nxf6+ exf6 6. c3 Bd6 7. Bd3 O-O 8. Qc2 Re8+ 9. Ne2 h5 10. O-O h4 11. Bd2 Nd7 12. h3 Nf8 13. Rae1 Bc7 14. Nf4 Be6 15. Qd1 Qd6 16. Qh5 g5 17. Re5 gxf4 18. Bxf4 fxe5 19. Bxe5 Qxe5 20. dxe5 Rad8 21. Qg5+ Kh8 22. Qxh4+ Kg7 23. Qf6+ Kg8 24. Qg5+ Kh8 25. Bc2 Rd5 26. Re1 Bd8 27. Qh6+ Kg8 28. Re3 Ng6 29. Bxg6 fxg6 30. Qxg6+ Kf8 31. Rf3+ Ke7 32. Qg7+ 1-0


[Site "https://www.chess.com"]

[Event "Titled Tuesday Blitz March 08 Early 2022"]
[White "Bachmann, Axel"]
[Black "Yaniuk, Volodymyr"]
[WhiteFideId "3700488"]
[BlackFideId "14133083"]
[WhiteElo "2587"]
[BlackElo "2207"]
[Result "1/2-1/2"]
[Round "02"]
[TimeControl "180+1"]
[Date "2022.03.08"]
[WhiteClock "0:00:20"]
[BlackClock "0:00:15"]

1. Nf3 d5 2. e3 Nf6 3. c4 e6 4. b3 Be7 5. Bb2 b6 6. Nc3 Bb7 7. cxd5 exd5 8. Rc1 O-O 9. d4 c5 10. Bd3 Ne4 11. O-O Nd7 12. Qe2 a5 13. Rfd1 Nxc3 14. Bxc3 Bf6 15. Bb5 cxd4 16. Bxd4 Nc5 17. Bxc5 bxc5 18. Rxc5 Qb6 19. Rc2 Rad8 20. a4 h6 21. Rcd2 Qc5 22. Rc2 Qb4 23. Nd4 Rd6 24. h3 Rfd8 25. Qg4 Bxd4 26. Qxd4 Qxb3 27. Rc7 Bc8 28. Rc3 Qb4 29. Qxb4 axb4 30. Rb3 d4 31. e4 Ba6 32. Bxa6 Rxa6 33. Rxb4 d3 34. f3 Rda8 35. Rxd3 Rxa4 36. Rb7 R4a7 37. Rdd7 Rxb7 38. Rxb7 Ra2 39. Kh2 f6 40. h4 Ra5 41. Kg3 h5 42. Kf4 Kh7 43. Rd7 Kg6 44. g3 Ra2 45. g4 hxg4 46. fxg4 Rf2+ 47. Kg3 Rf1 48. h5+ Kh7 49. Re7 Re1 50. Kf2 Ra1 51. Kf3 Rf1+ 52. Ke2 Rg1 53. Kf3 Rf1+ 54. Kg2 Re1 55. Kf2 Ra1 56. e5 fxe5 57. Rxe5 Ra3 58. Re3 Ra4 59. Kg3 Kh6 60. Re6+ Kh7 61. Re5 Ra1 62. Kh4 Rb1 63. Kg5 Ra1 64. Kf5 Ra6 65. g5 Ra1 66. Re7 Rf1+ 67. Ke6 Re1+ 68. Kf7 Rf1+ 69. Ke8 Rg1 70. g6+ Kh6 71. Re5 Rh1 72. Kf8 Rf1+ 73. Kg8 Ra1 74. Re7 Ra8+ 75. Kf7 Ra5 76. Rd7 Rxh5 77. Rd8 Rf5+ 78. Ke6 Kxg6 79. Rd1 Rf6+ 80. Ke5 Kf7 81. Rg1 Re6+ 82. Kf5 Rf6+ 83. Ke5 g6 84. Rg4 Rf5+ 85. Ke4 Kf6 86. Rf4 Ke6 87. Rxf5 gxf5+ 88. Kf4 Kf6 89. Kf3 Kg6 90. Kf4 Kf6 91. Kf3 Kg5 92. Kg3 f4+ 93. Kf3 Kf5 94. Kf2 Ke4 95. Ke2 Ke5 96. Kf3 Kf5 97. Kf2 Kg4 98. Kg2 f3+ 99. Kf2 Kf4 100. Kf1 Kg3 101. Kg1 f2+ 102. Kf1 Kf3 1/2-1/2


[Site "https://www.chess.com"]

[Event "Titled Tuesday Blitz March 08 Early 2022"]
[White "Barrientos, Sergio E"]
[Black "Berezin, Viktor"]
[WhiteFideId "4401824"]
[BlackFideId "14107872"]
[WhiteElo "2397"]
[BlackElo "2310"]
[Result "1-0"]
[Round "02"]
[TimeControl "180+1"]
[Date "2022.03.09"]
[WhiteClock "0:00:18"]
[BlackClock "0:00:16"]

1. d4 Nf6 2. Nf3 g6 3. c4 Bg7 4. Nc3 O-O 5. e4 d6 6. h3 Nc6 7. d5 Na5 8. Be3 c5 9. Bd3 a6 10. O-O Rb8 11. a4 Qb6 12. Rb1 Qc7 13. Re1 Nd7 14. Qc2 e5 15. Nd2 b6 16. b4 Nb7 17. Rb2 f5 18. exf5 gxf5 19. Bxf5 Nf6 20. Bxc8 Qxc8 21. Reb1 Nh5 22. bxc5 bxc5 23. Nce4 Nf4 24. Rb6 Qd7 25. Bxf4 Rxf4 26. Qb3 Rf7 27. Nxd6 Nxd6 28. Rxb8+ Bf8 29. Qg3+ Rg7 30. Qxe5 Nf7 31. Qe6 Qc7 32. Ne4 Kh8 33. Rxf8+ Rg8 34. Qf6# 1-0


[Site "https://www.chess.com"]

[Event "Titled Tuesday Blitz March 08 Early 2022"]
[White "Bashirli, Nail"]
[Black "Lima, Kleyton Alcantara"]
[WhiteFideId "13406809"]
[BlackFideId "22718397"]
[WhiteElo "2333"]
[BlackElo "1951"]
[Result "0-1"]
[Round "02"]
[TimeControl "180+1"]
[Date "2022.03.09"]
[WhiteClock "0:00:31"]
[BlackClock "0:00:55"]

1. e4 c5 2. Nc3 d6 3. Bb5+ Bd7 4. Bxd7+ Nxd7 5. Nge2 Ngf6 6. O-O g6 7. d3 Bg7 8. f4 O-O 9. h3 a6 10. Be3 b5 11. Qd2 b4 12. Nd1 a5 13. Nf2 a4 14. Rab1 a3 15. b3 Nb8 16. d4 cxd4 17. Nxd4 Qa5 18. Qe2 Rc8 19. Qf3 Nbd7 20. Nd3 Nc5 21. e5 Nxd3 22. exf6 Bxf6 23. cxd3 Ra6 24. Rfc1 Rxc1+ 25. Rxc1 h5 26. Rc8+ Kg7 27. Qe4 d5 28. Ne6+ Rxe6 29. Qxe6 fxe6 30. Kf2 d4 31. Bd2 Qa6 32. Rc4 e5 33. fxe5 Bxe5 34. Bxb4 Bd6 35. Bd2 Qb6 36. Ke2 e5 37. Bg5 Qb7 38. Kf2 Be7 39. Bd2 e4 40. Bf4 Kf8 41. Ke2 exd3+ 42. Kxd3 Qxg2 43. Rxd4 Qxa2 44. Kc4 Qc2+ 45. Kd5 a2 46. Ke5 a1=Q 0-1


[Site "https://www.chess.com"]

[Event "Titled Tuesday Blitz March 08 Early 2022"]
[White "Bayramov, Zaur"]
[Black "Bluebaum, Matthias"]
[WhiteFideId "13405080"]
[BlackFideId "24651516"]
[WhiteElo "2166"]
[BlackElo "2550"]
[Result "1/2-1/2"]
[Round "02"]
[TimeControl "180+1"]
[Date "2022.03.08"]
[WhiteClock "0:00:16"]
[BlackClock "0:00:08"]

1. c4 e6 2. Nf3 d5 3. b3 d4 4. Bb2 c5 5. e3 Nc6 6. exd4 cxd4 7. d3 e5 8. Nbd2 Nf6 9. Be2 Bd6 10. a3 a5 11. O-O O-O 12. Re1 h6 13. Bf1 Bf5 14. Ne4 Nxe4 15. dxe4 Be6 16. Bd3 Nb8 17. c5 Bc7 18. b4 axb4 19. axb4 Nc6 20. Qd2 Qf6 21. Rxa8 Rxa8 22. Ra1 Rxa1+ 23. Bxa1 Qd8 24. b5 Qa8 25. Bb2 Ne7 26. Qb4 Ng6 27. g3 Bd8 28. Bc4 Qc8 29. Bxe6 Qxe6 30. Nd2 Qd7 31. Qc4 Bg5 32. c6 bxc6 33. bxc6 Qc7 34. Nb3 Ne7 35. h4 Bf6 36. Qb5 Qxc6 37. Qxc6 Nxc6 38. Kf1 h5 39. Ke2 Kf8 40. Ba3+ Be7 41. Bxe7+ Kxe7 42. Kd3 Kd6 43. Kc4 f6 44. Nc5 Nd8 45. Nd3 Ne6 46. f4 g5 47. hxg5 fxg5 48. Nxe5 gxf4 49. gxf4 Nxf4 50. Nf3 d3 51. Kd4 h4 52. Nxh4 d2 53. Nf5+ Ke6 54. Ne3 Ng2 55. Nd1 Nf4 56. Ke3 Ke5 57. Kxd2 Kxe4 1/2-1/2


[Site "https://www.chess.com"]

[Event "Titled Tuesday Blitz March 08 Early 2022"]
[White "Beerdsen, Thomas"]
[Black "Tasev, Dejan"]
[WhiteFideId "1030108"]
[BlackFideId "936618"]
[WhiteElo "2585"]
[BlackElo "2253"]
[Result "1-0"]
[Round "02"]
[TimeControl "180+1"]
[Date "2022.03.09"]
[WhiteClock "0:01:16"]
[BlackClock "0:00:38"]

1. e4 Nf6 2. Nc3 d6 3. d4 g6 4. h4 h5 5. Nh3 Bxh3 6. Rxh3 Bg7 7. Bg5 Nbd7 8. f4 O-O 9. e5 Nh7 10. g4 Nxg5 11. hxg5 dxe5 12. dxe5 hxg4 13. Qxg4 Nb6 14. Bd3 Nd5 15. Bxg6 fxg6 16. Qe6+ Rf7 17. Nxd5 c6 18. O-O-O cxd5 19. Qxg6 Qb6 20. Rh8+ Kxh8 21. Qxf7 Qe3+ 22. Kb1 Qh3 23. Qxd5 e6 24. Qxb7 1-0


[Site "https://www.chess.com"]

[Event "Titled Tuesday Blitz March 08 Early 2022"]
[White "Begunov, Konstantin"]
[Black "Bashirli, Saadat"]
[WhiteFideId "4118510"]
[BlackFideId "13429990"]
[WhiteElo "2262"]
[BlackElo "1173"]
[Result "1-0"]
[Round "02"]
[TimeControl "180+1"]
[Date "2022.03.09"]
[WhiteClock "0:00:21"]
[BlackClock "0:00:31"]

1. d4 d5 2. c4 e6 3. Nc3 c6 4. cxd5 exd5 5. Nf3 Bf5 6. Bg5 Be7 7. Qb3 Qc7 8. Bf4 Qc8 9. Rc1 Nd7 10. Nxd5 Be6 11. Nc7+ Qxc7 12. Bxc7 Bxb3 13. axb3 Ngf6 14. e3 O-O 15. Bd3 Bb4+ 16. Ke2 Rac8 17. Bg3 Nb6 18. Ne5 Be7 19. Rhd1 a5 20. Bf5 Rcd8 21. Nc4 Nxc4 22. bxc4 b5 23. f3 Bb4 24. cxb5 cxb5 25. Bd3 Rd5 26. Bf2 Rb8 27. e4 Rdd8 28. Rc6 h6 29. Rdc1 Bf8 30. Ra6 a4 31. Rc7 Re8 32. Raa7 Nd5 33. Rxf7 Nf4+ 34. Rxf4 Bd6 35. Rff7 Bf8 36. d5 Rec8 37. Bd4 b4 38. Bxg7 Bxg7 39. Rxg7+ Kf8 40. Rh7 Kg8 41. e5 Re8 42. e6 Red8 43. Rag7+ Kf8 44. e7+ Ke8 45. Bb5+ Rd7 46. Rg8# 1-0


[Site "https://www.chess.com"]

[Event "Titled Tuesday Blitz March 08 Early 2022"]
[White "Bettalli, Francesco"]
[Black "San, Thit Lwin"]
[WhiteFideId "2816453"]
[BlackFideId "13001272"]
[WhiteElo "2216"]
[BlackElo "2232"]
[Result "1-0"]
[Round "02"]
[TimeControl "180+1"]
[Date "2022.03.09"]
[WhiteClock "0:00:12"]
[BlackClock "0:00:13"]

1. d4 Nf6 2. Nc3 d5 3. Bf4 Bf5 4. e3 e6 5. f3 Bb4 6. Ne2 O-O 7. g4 Bg6 8. h4 h5 9. Ng3 c5 10. Bg5 cxd4 11. exd4 Qc7 12. Kf2 Nbd7 13. Nce2 hxg4 14. Nf4 Qxc2+ 15. Qxc2 Bxc2 16. Bd3 Rac8 17. Rac1 Bxd3 18. Nxd3 Bd6 19. fxg4 Nxg4+ 20. Kf3 Ngf6 21. Rhg1 Bxg3 22. Kxg3 Ne4+ 23. Kf3 f6 24. Be3 Kf7 25. h5 Rh8 26. Nf4 Nb6 27. b3 Rxc1 28. Rxc1 Rc8 29. Rh1 Rc2 30. h6 gxh6 31. Rxh6 e5 32. dxe5 fxe5 33. Bxb6 axb6 34. Nxd5 Rxa2 35. Kxe4 Rb2 36. Rxb6 Re2+ 37. Ne3 Ke7 38. b4 Kd7 39. Rxb7+ Kc6 40. Re7 Rb2 41. Re6+ Kd7 42. Rb6 Kc7 43. Nd5+ Kd7 44. Kxe5 Re2+ 45. Kd4 Rd2+ 46. Kc4 Rd1 47. b5 Kc8 48. Rh6 Kb8 49. Kc5 Kc8 50. Rh8+ Kb7 51. Rh7+ Kb8 52. Nb4 Rc1+ 53. Kb6 Kc8 54. Nc6 Rxc6+ 55. bxc6 Kb8 56. Rh8# 1-0


[Site "https://www.chess.com"]

[Event "Titled Tuesday Blitz March 08 Early 2022"]
[White "Borodavkin, Anatoly"]
[Black "Rozhkov, Viacheslav"]
[WhiteFideId "14150662"]
[BlackFideId "4181484"]
[WhiteElo "1845"]
[BlackElo "2324"]
[Result "0-1"]
[Round "02"]
[TimeControl "180+1"]
[Date "2022.03.09"]
[WhiteClock "0:00:24"]
[BlackClock "0:00:57"]

1. e4 c5 2. Nc3 Nc6 3. g3 g6 4. Bg2 Bg7 5. d3 h5 6. h3 d6 7. f4 e5 8. Nf3 exf4 9. Bxf4 Nge7 10. O-O O-O 11. Qd2 Be6 12. Bh6 Qd7 13. Kh2 d5 14. Bxg7 Kxg7 15. Ng5 d4 16. Ne2 f6 17. Nxe6+ Qxe6 18. Nf4 Qf7 19. Rae1 Ne5 20. b3 Rh8 21. Nd5 Nxd5 22. exd5 Rae8 23. Qf4 Qe7 24. h4 Qd6 25. Kh1 Rhf8 26. Re2 b5 27. Ref2 a5 28. a3 Rd8 29. Qd2 Ng4 30. Re2 Qxg3 31. Qe1 Qh2# 0-1


[Site "https://www.chess.com"]

[Event "Titled Tuesday Blitz March 08 Early 2022"]
[White "Brodowski, Piotr"]
[Black "Safarli, Eltaj"]
[WhiteFideId "1124480"]
[BlackFideId "13402129"]
[WhiteElo "2422"]
[BlackElo "2634"]
[Result "0-1"]
[Round "02"]
[TimeControl "180+1"]
[Date "2022.03.08"]
[WhiteClock "0:00:03"]
[BlackClock "0:01:13"]

1. c4 Nf6 2. Nc3 c5 3. g3 e6 4. Bg2 Nc6 5. d3 d5 6. cxd5 exd5 7. Bg5 d4 8. Ne4 Be7 9. Bxf6 Bxf6 10. a3 Be7 11. Rc1 Qb6 12. Qc2 O-O 13. Nf3 Be6 14. Nxc5 Bxc5 15. Qxc5 Qxb2 16. O-O Rad8 17. Rb1 Qxe2 18. Rxb7 Bd5 19. Nxd4 Nxd4 20. Bxd5 Qe5 21. Bxf7+ Rxf7 22. Qxe5 Nf3+ 23. Kg2 Nxe5 24. Rxf7 Kxf7 25. Rb1 Rxd3 26. f4 Rd2+ 27. Kh3 Nf3 28. Rb7+ Kf6 29. Rxa7 h5 30. Ra6+ Kf7 31. Ra7+ Kg6 32. Ra6+ Kh7 33. g4 Rxh2+ 34. Kg3 hxg4 35. Kxg4 Nd4 36. a4 Rg2+ 37. Kh3 Ra2 38. Kg3 g6 39. Kg4 Kh6 40. a5 Ra3 41. Rd6 Nf5 42. Rd3 Rxd3 43. a6 0-1


[Site "https://www.chess.com"]

[Event "Titled Tuesday Blitz March 08 Early 2022"]
[White "Buscar, Michael"]
[Black "Revita, Samantha Glo"]
[WhiteFideId "2603616"]
[BlackFideId "5205085"]
[WhiteElo "2010"]
[BlackElo "1741"]
[Result "1-0"]
[Round "02"]
[TimeControl "180+1"]
[Date "2022.03.09"]
[WhiteClock "0:00:04"]
[BlackClock "0:00:09"]

1. c4 e5 2. Nf3 Nc6 3. Nc3 f5 4. e3 Nf6 5. Nd5 e4 6. Ng1 Nxd5 7. cxd5 Nb4 8. Qb3 a5 9. a3 a4 10. Qc4 b5 11. Qc3 Nxd5 12. Qe5+ Ne7 13. Bxb5 Ba6 14. Bxa4 c6 15. Ne2 Bxe2 16. Bxc6 dxc6 17. Kxe2 Qd3+ 18. Ke1 Rd8 19. a4 Qd5 20. Qc3 Nc8 21. a5 Na7 22. a6 Rd7 23. Ra5 Nb5 24. Qc2 Bb4 25. Ra4 Bc5 26. h4 O-O 27. h5 h6 28. Rh3 Rfd8 29. Rg3 Bd6 30. Rg6 Kh7 31. b3 Qd3 32. Qxc6 Rc7 33. Bb2 Be5 34. Rxh6+ Kg8 35. Qe6+ Rf7 36. Rd4 Bxd4 37. Bxd4 Nxd4 38. exd4 Qxd4 39. g3 Qxd2+ 40. Kf1 Qd1+ 41. Kg2 Qf3+ 42. Kh3 Qg4+ 43. Kg2 gxh6 44. a7 Qf3+ 45. Kh3 Rd1 46. Qg6+ Rg7 47. a8=Q+ Rd8 48. Qxd8# 1-0


[Site "https://www.chess.com"]

[Event "Titled Tuesday Blitz March 08 Early 2022"]
[White "Carre, Sylvain"]
[Black "Gaehwiler, Gabriel"]
[WhiteFideId "642118"]
[BlackFideId "1314530"]
[WhiteElo "2105"]
[BlackElo "2383"]
[Result "0-1"]
[Round "02"]
[TimeControl "180+1"]
[Date "2022.03.09"]
[WhiteClock "0:00:02"]
[BlackClock "0:00:59"]

1. d4 d6 2. Bf4 Nf6 3. e3 g6 4. Nf3 Bg7 5. h3 O-O 6. Be2 b6 7. O-O Bb7 8. c4 Nbd7 9. Nc3 Ne4 10. Nxe4 Bxe4 11. Nd2 Bb7 12. Bf3 Qc8 13. Bxb7 Qxb7 14. Qf3 Qxf3 15. Nxf3 Rfe8 16. Rfd1 Rac8 17. Rac1 c5 18. b3 Nb8 19. d5 Na6 20. e4 f6 21. Bd2 Nc7 22. a4 Kf7 23. Bc3 Rb8 24. Ra1 Rec8 25. Nd2 Bh6 26. Nf1 Rb7 27. g3 a6 28. f4 b5 29. axb5 axb5 30. Nd2 Rcb8 31. Kf2 Bg7 32. Ra2 Bh6 33. Kf3 g5 34. Rda1 Ke8 35. Ra7 Kf7 36. Rxb7 Rxb7 37. Ra5 bxc4 38. bxc4 Bg7 39. Ra2 h6 40. h4 Ne8 41. hxg5 hxg5 42. fxg5 fxg5 43. Bxg7 Kxg7 44. Kg4 Kg6 45. e5 dxe5 46. Ra6+ Nf6+ 47. Kf3 Rb2 48. Ne4 g4+ 49. Ke3 Kf5 50. Nxc5 Rg2 51. Ne6 Rxg3+ 52. Kf2 Rf3+ 53. Kg2 Rc3 54. c5 Nxd5 55. Ng7+ Ke4 56. Re6 Nf4+ 57. Kf2 g3+ 58. Kg1 Rc1# 0-1


[Site "https://www.chess.com"]